 Dungeon Crawl Stone Soup version 0.26.1-2-gb8aa6d0cf2 (webtiles) character file.

Game seed: 14894358977743411528

62 Eitelfritz the Skirmisher (level 4, -9/40 HPs)
             Began as a Hill Orc Fighter on Mar 7, 2021.
             Killed by nerve-wracking pain
             ... invoked by a shadow imp
             ... summoned by Natasha
              (10 damage)
             ... on level 2 of the Dungeon.
             The game lasted 00:01:56 (843 turns).

Eitelfritz the Skirmisher (Hill Orc Fighter)         Turns: 843, Time: 00:01:56

Health: -9/40      AC:  8    Str: 19    XL:     4   Next: 8%
Magic:  4/4        EV:  7    Int:  8    God:
Gold:   63         SH:  9    Dex: 10    Spells: 3/3 levels left

rFire    . . .     SeeInvis .   a - +0 long sword
rCold    . . .     Faith    .   c - +0 kite shield
rNeg     . . .     Spirit   .   b - +0 scale mail
rPois    .         Reflect  .   h - +0 helmet
rElec    .         Harm     .   (no cloak)
rCorr    .         Rampage  .   (no gloves)
Will     .....                  (no boots)
Stlth    ..........             (no amulet)
HPRegen  0.13/turn              (no ring)
MPRegen  0.09/turn              (no ring)

@: slowed, very slow
A: no striking features
a: no special abilities


You were on level 2 of the Dungeon.
You visited 1 branch of the dungeon, and saw 2 of its levels.

You collected 63 gold pieces.

Inventory:

Hand Weapons
 a - a +0 long sword (weapon)
Missiles
 f - 58 stones
 g - 11 poisoned darts (quivered)
Armour
 b - a +0 scale mail (worn)
 c - a +0 kite shield (worn)
 h - a +0 helmet (worn)
 k - a +0 plate armour
Scrolls
 l - 2 scrolls of fear {unknown}
Potions
 d - a potion of might
 e - a potion of brilliance {unknown}
 i - a potion of attraction {unknown}
 j - a potion of curing {unknown}


   Skills:
 + Level 4.2 Fighting
 + Level 2.9 Long Blades
 + Level 3.5 Armour
 + Level 0.6 Dodging
 + Level 4.0 Shields


You had 3 spell levels left.
You didn't know any spells.
Your spell library was empty.

Dungeon Overview and Level Annotations

Branches:
Dungeon (2/15)

Altars:

Annotations:
D:2 Natasha


Message History

Natasha is almost dead.
Natasha casts a spell.
Natasha drinks a potion.
Natasha is healed!
Natasha closely misses you.
You riposte.
You hit Natasha.
Natasha is moderately wounded.
You hit Natasha but do no damage.
Natasha is moderately wounded.
Natasha claws you but does no damage.
You barely miss Natasha.
Natasha is moderately wounded.
Natasha claws you but does no damage. x2
You hit Natasha.
Natasha is heavily wounded.
Natasha casts a spell at you. The magic dart hits you!
* * * LOW HITPOINT WARNING * * *
You block the shadow imp's attack. Natasha barely misses you.
The shadow imp gestures at you. Pain shoots through your body!
You die...

#..........#
#......>...#
#..........#
#..>.......###.
#.......[.....
#........#.#
#...h5....# ##@#.#
#....#
##$.###..########
................###
.........######...##
......##.#
###..##### ....(.
#.# ##.....# ......
>.. #####.# .....
#..# #.##


You could see Natasha and a shadow imp (summoned).

Vanquished Creatures
  Natasha (D:2)
  An ooze (D:1)
  A leopard gecko (D:1)
  3 bats (D:1)
  2 giant cockroaches (D:1)
  3 goblins
  5 hobgoblins
  4 kobolds (D:1)
  A quokka (D:2)
  7 rats (D:1)
28 creatures vanquished.

Notes
Turn   | Place    | Note
-------+----------+-------------------------------------------
     0 | D:1      | Eitelfritz the Hill Orc Fighter began the quest for the
                  | Orb.
     0 | D:1      | Reached XP level 1. HP: 19/19 MP: 1/1
   198 | D:1      | Reached XP level 2. HP: 27/27 MP: 2/2
   541 | D:1      | Reached XP level 3. HP: 33/33 MP: 3/3
   814 | D:2      | Noticed Natasha
   820 | D:2      | Killed Natasha
   821 | D:2      | Reached XP level 4. HP: 25/40 MP: 4/4
   829 | D:2      | Noticed Natasha
   843 | D:2      | HP: 1/40 [Natasha/magic dart (9)]
   843 | D:2      | Killed from afar by a shadow imp

Illustrated notes

Levels and vault maps discovered:
D:1:      roderic_dead_forest, layout_rooms, chequers_serial_rivers_room_a,
          columned_hall_lemuel, minivault_26, minmay_3d_cube
D:2:      layout_rooms, zin_angel, uniq_natasha, uniq_crazy_yiuf_cottage

Skill      XL: |  1  2  3 |
---------------+----------+-----
Fighting       | 4 |  4.2
Shields        | 4 |  4.0
Long Blades    | |  2.9
Armour         | |  3.5
Dodging        | |  0.6

Action                   |  1- 3 |  4- 6 || total
-------------------------+-------+-------++-------
Melee: Long sword        |    85 |    11 ||    96
Armor: Scale mail        |    39 |     6 ||    45
Dodge: Dodged            |    34 |     3 ||    37
Block: Kite shield       |    52 |     3 ||    55
       Rpst.: Long sword |     8 |     1 ||     9
